Map: Ascension to Aiur LE

Players

TenaciousDG

  • Race: Zerg Zerg
  • League: Diamond
  • Spawn Location: 5:00

FisterRoboto - Winner!

  • Race: Zerg Zerg
  • League: Diamond
  • Spawn Location: 11:00

VOD

Have the link to the VOD?

Description

Time

  • Played on: Dec. 27, 2017, 9:17 p.m.
  • Length: 16:27
Show
View Real Time Build Order
Export as new Build Order

TenaciousDG Zerg 

Build Orders: Pool First 

Get SALT Encoding   

  12  0:09  Drone  
  12  0:12  Overlord  
  13  0:17  Drone  
  14  0:30  Drone  
  14  0:32  Drone  
  16  0:41  Spawning Pool  
  15  1:04  Hatchery  
  15  1:07  Drone  
  15  1:21  Drone x3  
  15  1:23  Extractor  
  17  1:30  Queen  
  19  1:45  Drone  
  19  1:46  Overlord  
  20  2:00  Zergling x2  
  21  2:05  Drone  
  21  2:06  Queen  
  24  2:16  Queen  
  24  2:19  Drone x2  
  28  2:27  Metabolic Boost  
  28  2:33  Drone x2  
  29  3:06  Drone x7  
  29  3:11  Baneling Nest  
  35  3:23  Drone  
  35  3:24  Overlord  
  35  3:25  Overlord  
  36  3:44  Zergling x6  
  36  3:45  Zergling x6  
  42  3:49  Hatchery  
  42  3:53  Zergling x2  
  42  4:08  Baneling x4  
  42  4:13  Zergling x10  
  42  4:14  Zergling x4  
  44  4:36  Lair, Drone x2  
  44  4:37  Drone x2  
  46  4:40  Extractor  
  46  4:43  Zergling x12  
  45  5:06  Zergling x4  
  45  5:07  Zergling x6  
  48  5:08  Queen x2  
  43  5:37  Baneling  
  43  5:38  Zergling x6  
  43  5:39  Zergling x12  
  43  5:50  Zergling x6  
  43  5:51  Queen x2  
  50  6:00  Baneling x2  
  50  6:01  Baneling x3  
  50  6:02  Baneling x4  
  49  6:06  Zergling x6  
  43  6:19  Zergling x4  
  45  6:31  Hatchery  
  44  6:37  Zergling x8  
  47  6:45  Zergling x8  
  48  6:55  Evolution Chamber, Zergling x4  
  48  6:57  Evolution Chamber  
  48  7:01  Baneling x3  
  48  7:02  Baneling  
  40  7:22  Zergling x2  
  40  7:23  Zergling x10  
  45  7:35  Zergling x8  
  47  7:45  Zerg Melee Weapons Level 1, Zerg Ground Armor Level 1  
  47  7:51  Baneling x4  
  47  7:52  Baneling x3, Zergling x6  
  47  7:53  Zergling x2  
  47  7:55  Extractor  
  49  7:59  Baneling x3  
  36  8:22  Zergling x2  
  36  8:23  Zergling x14  
  36  8:24  Zergling x12  
  36  8:25  Zergling x2  
  47  8:46  Queen x3  
  47  8:47  Zergling x6  
  47  8:48  Zergling x8  
  43  9:04  Zergling x8  
  45  9:13  Baneling x4  
  42  9:18  Zergling x8  
  42  9:19  Zergling x2  
  42  9:22  Queen  
  42  9:43  Zergling x12  
  42  9:45  Queen x2  
  44  9:55  Zerg Ground Armor Level 2, Zerg Melee Weapons Level 2  
  44  9:57  Zergling x6  
  44  10:23  Baneling  
  44  10:28  Zergling x2  
  44  10:29  Zergling x24  
  56  10:40  Overlord  
  56  10:42  Overlord  
  56  10:51  Zergling x2  
  57  11:16  Zergling x8  
  57  11:17  Zergling x10  
  57  11:18  Spine Crawler  
  65  11:19  Spine Crawler  
  65  11:20  Spine Crawler  
  61  11:38  Burrow  
  61  11:42  Baneling x3  
  61  11:43  Baneling x4  
  61  11:58  Zergling x10  
  61  11:59  Zergling x10  
  69  12:08  Drone x3  
  69  12:13  Extractor  
  70  12:19  Drone  
  70  12:21  Roach Warren  
  69  12:52  Infestation Pit  
  69  12:58  Drone x3  
  71  12:59  Drone x2  
  71  13:01  Overlord x2  
  73  13:21  Drone  
  73  13:22  Drone x12  
  74  14:15  Hive, Zergling x18  
  80  14:28  Extractor  
  80  14:29  Extractor  
  77  14:42  Extractor  
  77  14:44  Hatchery  
  70  14:48  Extractor  
  69  14:58  Zergling x2  
  69  14:59  Zergling x16  
  76  15:30  Zergling x2  
  76  15:31  Zergling x12  
Show
View Real Time Build Order
Export as new Build Order

FisterRoboto Zerg - Winner!

Build Orders: Hatch First, Zergling Baneling 

Get SALT Encoding   

  12  0:00  Drone  
  13  0:13  Overlord  
  13  0:17  Drone  
  14  0:33  Drone x2  
  16  0:37  Drone  
  17  0:54  Hatchery  
  17  0:56  Drone  
  17  1:00  Drone  
  18  1:11  Extractor  
  17  1:15  Spawning Pool  
  17  1:17  Drone  
  17  1:19  Drone  
  18  1:29  Drone  
  19  1:41  Overlord  
  19  2:02  Queen  
  19  2:06  Queen  
  19  2:07  Zergling x6  
  26  2:12  Drone  
  26  2:14  Metabolic Boost  
  27  2:17  Drone  
  28  2:23  Drone  
  29  2:32  Drone  
  30  2:37  Baneling Nest  
  30  2:40  Drone x2  
  31  2:52  Overlord  
  31  2:56  Hatchery  
  30  3:01  Overlord  
  30  3:05  Zergling x4  
  32  3:08  Drone  
  33  3:20  Zergling x6, Drone  
  33  3:24  Zergling x4  
  38  3:27  Zergling x2  
  38  3:29  Zergling x2  
  38  3:32  Zergling x2  
  41  3:36  Zergling x2  
  41  3:40  Zergling x2  
  43  3:49  Zergling x2  
  44  3:56  Zergling x14  
  44  4:02  Baneling  
  51  4:03  Baneling x5  
  50  4:11  Zergling x6  
  50  4:13  Drone  
  43  4:24  Zergling x6  
  43  4:30  Zergling x4  
  48  4:33  Baneling x4  
  48  4:34  Zergling x4  
  49  4:43  Zergling x8  
  52  4:55  Baneling  
  52  4:56  Baneling x4  
  50  5:03  Zergling x2  
  50  5:04  Zergling x12  
  45  5:15  Zergling x8  
  47  5:26  Zergling x8  
  48  5:36  Baneling x4  
  46  5:43  Zergling x6  
  49  5:51  Overlord  
  49  5:52  Overlord x2  
  43  5:57  Zergling x8  
  45  6:05  Zergling x8  
  45  6:09  Drone  
  45  6:10  Drone  
  44  6:19  Zergling x6  
  47  6:37  Baneling  
  47  6:38  Baneling  
  45  6:40  Zergling x10  
  45  6:42  Baneling x2  
  45  6:44  Drone  
  45  6:47  Queen  
  45  6:48  Drone  
  45  6:51  Drone  
  45  6:52  Drone x3  
  51  6:59  Baneling  
  51  7:00  Baneling  
  51  7:03  Drone x3  
  54  7:08  Zergling x4  
  54  7:09  Zergling x2  
  55  7:16  Zergling x6  
  55  7:22  Zergling x12  
  57  7:30  Drone x3  
  57  7:35  Zergling x2  
  60  7:39  Roach Warren  
  60  7:41  Drone x2  
  58  7:45  Zergling x2  
  58  7:47  Zergling x2  
  58  7:51  Zergling x2  
  61  7:54  Baneling x9  
  61  7:57  Zergling x10  
  66  8:00  Zergling x2  
  66  8:01  Zergling x2  
  68  8:11  Zergling x10  
  61  8:21  Zergling x6  
  63  8:30  Zergling x6  
  63  8:33  Extractor  
  62  8:35  Extractor  
  62  8:38  Zergling x4  
  62  8:39  Baneling x2  
  57  8:50  Zergling x6  
  58  8:56  Zergling x14  
  58  9:02  Zergling x6  
  64  9:11  Evolution Chamber x2, Zergling x4  
  64  9:14  Drone  
  62  9:19  Baneling  
  62  9:22  Zergling x4  
  63  9:30  Baneling x4  
  55  9:43  Zergling x16  
  58  9:47  Baneling x2  
  58  9:51  Zerg Ground Armor Level 1, Zerg Missile Weapons Level 1  
  57  9:53  Drone x5  
  62  10:00  Drone  
  62  10:05  Drone x4  
  61  10:16  Roach x3  
  66  10:21  Roach  
  66  10:22  Roach x3  
  66  10:23  Overlord  
  73  10:28  Overlord x2  
  73  10:33  Lair  
  73  10:43  Roach  
  73  10:44  Roach x3  
  81  10:50  Roach  
  81  10:51  Roach x3  
  81  10:52  Baneling  
  81  10:53  Baneling x2  
  89  11:02  Roach x3  
  89  11:03  Drone x2  
  96  11:08  Overlord  
  96  11:26  Roach x5  
  96  11:31  Glial Reconstitution  
  106  11:34  Overlord x4  
  106  11:38  Baneling x2  
  106  11:49  Extractor  
  106  11:50  Extractor  
  104  11:56  Drone x4  
  104  11:57  Drone x2  
  108  12:05  Drone x2  
  108  12:06  Drone x10  
  118  12:16  Zerg Missile Weapons Level 2  
  118  12:19  Zerg Ground Armor Level 2  
  118  12:31  Extractor  
  116  12:51  Roach  
  116  12:52  Roach x10  
  116  12:58  Hatchery  
  137  13:12  Overlord x6  
  137  13:22  Extractor, Overlord, Hydralisk Den  
  137  13:23  Overlord x4  
  135  13:33  Roach  
  135  13:34  Roach x5  
  125  13:57  Drone x3  
  125  13:58  Drone x2  
  125  13:59  Drone  
  125  14:02  Drone  
  125  14:03  Drone x3  
  125  14:05  Roach x5  
  125  14:07  Overseer  
  125  14:09  Overseer  
  138  14:10  Pneumatized Carapace  
  138  14:15  Roach x3  
  144  14:18  Roach  
  146  14:24  Overseer  
  146  14:27  Drone x4  
  146  14:28  Drone  
  151  14:32  Muscular Augments  
  151  14:41  Roach x3  
  151  14:42  Roach  
  152  14:51  Drone  
  152  14:52  Drone x2  
  152  14:53  Drone  
  152  14:54  Drone x2  
  152  14:55  Drone x3  
  152  14:59  Overseer  
  157  15:00  Overseer  
  157  15:04  Roach x4  
  165  15:12  Roach  
  165  15:13  Roach x3  
  173  15:14  Overseer  
  173  15:20  Roach x3  
  179  15:25  Roach x2  
  183  15:33  Roach x5  
  193  15:46  Roach x3  
  196  15:51  Roach  
  196  15:52  Roach x3  
  200  16:00  Roach  
Tags
 
Add a new tag
Caveats
  • Supply blocks, unpowered buildings, or Contaminate may cause inaccurate times.
  • Supply counts are checked every 10 seconds.